 Dungeon Crawl Stone Soup version 0.31.0-11-ge490571c62 (webtiles) character file.

Game seed: 2344359422893208784

220 KKCryptic the Magician (level 6, -2/47 HPs)
             Began as a Djinni Hedge Wizard on Feb 7, 2024.
             Was an Initiate of Qazlal.
             Slain by an unseen horror (9 damage)
             ... summoned by the darkness of Dithmenos
             ... on level 4 of the Dungeon on Feb 8, 2024.
             The game lasted 00:13:43 (2695 turns).

KKCryptic the Magician (Djinni Hedge Wizard)        Turns: 2695, Time: 00:13:43

Health: -2/47      AC:  2    Str:  9    XL:     6   Next: 18%
Gold:   96         EV: 12    Int: 20    God:    Qazlal [......] SH:  0 Dex: 13

rFire   + + +        k - +4 short sword of Evvam {pain, Int+3}
rCold   x . .        (no shield)
rNeg    . . .        b - +0 robe
rPois   ∞            c - +0 hat
rElec   .            (no cloak)
rCorr   .            (no gloves)
SInv    .            (boots unavailable)
Will    .....        (no amulet)
Stlth   ++           h - ring of protection from fire
HPRegen 0.27/turn    (no ring)
MPRegen 0.00/turn

%: infuse magic (-3 HP)
@: flying
A: sickness immunity, fire resistance 2, cold vulnerability 1, float, innate
caster, HP casting, extra vitality 1
a: Renounce Religion


You were on level 4 of the Dungeon.
You worshipped Qazlal.
Qazlal was noncommittal.
You visited 1 branch of the dungeon, and saw 4 of its levels.

You collected 96 gold pieces.

Inventory:

Hand Weapons
 k - the +4 short sword of Evvam (weapon) {pain, Int+3}
   (You found it on level 2 of the Dungeon)

   Int+3:     It affects your intelligence (+3).
Armour
 b - a +0 robe (worn)
 c - a +0 hat (worn)
Jewellery
 h - a ring of protection from fire (left hand)
Scrolls
 a - 2 scrolls of teleportation {unknown}
 d - a scroll of revelation {unknown}
 g - a scroll of fear {unknown}
Potions
 e - a potion of berserk rage
 f - 2 potions of curing
 i - a potion of degeneration {unknown}
 j - a potion of resistance {unknown}
 l - a potion of brilliance {unknown}


   Skills:
 + Level 3.9 Fighting
 - Level 2.1 Dodging
 - Level 1.5 Stealth
 + Level 4.3 Spellcasting
 + Level 4.3 Conjurations
 + Level 4.3 Hexes
 + Level 4.3 Summonings
 + Level 4.3 Necromancy
 + Level 4.3 Translocations
 + Level 4.3 Fire Magic
 + Level 4.3 Ice Magic
 + Level 4.3 Air Magic
 + Level 4.3 Earth Magic
 + Level 4.3 Alchemy


You knew the following spells:

 Your Spells              Type           Power      Damage    Failure   Level
a - Static Discharge      Conj/Air       42%        3-5/arc   3%          2
b - Slow                  Hex            84%        N/A       2%          1
f - Magic Dart            Conj           84%        1d7       2%          1
q - Summon Small Mammal   Summ           84%        N/A       2%          1
s - Mephitic Cloud        Conj/Alch/Air  21%        N/A       6%          3
w - Call Imp              Summ           42%        N/A       3%          2
z - Blink                 Tloc           42%        N/A       3%          2
Your spell library was empty.

Dungeon Overview and Level Annotations

Branches:
Dungeon (4/15)
 Temple: D:4-7

Altars:
Dithmenos
Qazlal
Wu Jian

Shops:
D:3 (


Innate Abilities, Weirdness & Mutations

You are immune to sickness and miasma.
You are immune to poison.
Your flesh is very heat resistant. (rF++)
You are vulnerable to cold. (rC-)
You float through the air rather than walking.
You learn spells naturally, not from books.
Your magical power is your life essence.
You have superior vitality. (+4 MHP)


Message History

Casting: Summon Small Mammal (safe; 2% risk of failure)
Confirm with . or Enter, or press ? or * to list all spells.
A tiny devil pulls itself out of the air.
Something misses your cerulean imp.
You hit the troll.
The troll writhes in agony.
The troll is moderately wounded.
Something hits you.
Your quokka bites the troll.
The troll is engulfed in noxious fumes.
You swing at nothing.
Your quokka barely misses the troll.
Your cerulean imp hits the troll but does no damage.
The troll misses your quokka. The troll claws your quokka!
Your quokka is killed!
Your quokka's corpse disappears in a puff of smoke!
Casting: Call Imp (safe; 3% risk of failure)
Confirm with . or Enter, or press ? or * to list all spells.
Aiming: Mephitic Cloud (dangerous; 6% risk of failure)
Press: ? - help, Shift-Dir - straight line The ball explodes into a vile cloud!
The stinking cloud engulfs something.
The stinking cloud engulfs you.
The stinking cloud engulfs your cerulean imp.
The stinking cloud engulfs the troll.
The troll is lightly wounded.
You hear a shout! x2
Something hits you.
* * * LOW HITPOINT WARNING * * *
Something hits the troll.
Your cerulean imp hits the troll but does no damage.
The troll is engulfed in noxious fumes.
The troll appears confused.
You swap places.
Your cerulean imp hits the troll but does no damage.
Something hits you.
* * * LOW HITPOINT WARNING * * *
The troll laughs crazily.
You hit the troll but do no damage.
The troll writhes in agony.
The troll is moderately wounded.
Something barely misses you. Something hits you.
* * * LOW HITPOINT WARNING * * *
Your cerulean imp hits the troll from afar with a -2 spear.
You barely miss something. Something hits you!
You die...

####### ......# ......#
......##########
...............####
......##...##.....####
...........†....T..§☼#####.
..............>.@☼§<☼.......
######.........{§5###.......
#.........§○§..........
##...........##..####..
##...##..<#.# .# .
##########.# ..# #†.# ...#
#.... . ...###


You could see a troll (summoned, confused, ally target) and a friendly cerulean
imp (summoned).

Vanquished Creatures
  An orc wizard (D:2)
  A dart slug (D:1)
  4 orcs
  An endoplasm (D:2)
  3 giant cockroaches
  3 goblins
  5 hobgoblins (D:1)
  2 jackals (D:1)
  A quokka (D:2)
  2 ball pythons (D:1)
  7 bats
  2 frilled lizards (D:3)
  4 kobolds
  4 rats
40 creatures vanquished.

Vanquished Creatures (collateral kills)
  A scorpion (D:2)
  A bombardier beetle (D:4)
  An iguana (D:4)
  2 adders (D:2)
  An orc (D:2)
  2 ball pythons
  An endoplasm (D:2)
  2 hobgoblins (D:2)
  A kobold (D:2)
  A quokka (D:4)
13 creatures vanquished.

Grand Total: 53 creatures vanquished

Notes
Turn   | Place    | Note
-------+----------+-------------------------------------------
     0 | D:1      | KKCryptic the Djinni Hedge Wizard began the quest for the
                  | Orb.
     0 | D:1      | KKCryptic set off with the following spells memorised:
                  | Magic Dart, Slow, Blink, Call Imp, Mephitic Cloud.
     0 | D:1      | Reached XP level 1. HP: 15/15 MP: 0/0
   165 | D:1      | Reached XP level 2. HP: 22/22 MP: 0/0
   236 | D:1      | Reached skill level 1 in Fighting
   280 | D:1      | HP: 1/22 [dart slug/slug dart (4)]
   566 | D:1      | Reached XP level 3. HP: 26/27 MP: 0/0
   566 | D:1      | Learned a level 1 spell: Summon Small Mammal
  1014 | D:2      | Reached XP level 4. HP: 26/34 MP: 0/0
  1163 | D:2      | Noticed a scorpion
  1182 | D:2      | Killed a scorpion
  1183 | D:2      | Reached XP level 5. HP: 40/40 MP: 0/0
  1183 | D:2      | Learned a level 2 spell: Static Discharge
  1618 | D:2      | Identified the +4 short sword of Evvam {pain, Int+3}
  1891 | D:3      | Found a faded altar of an unknown god.
  1893 | D:3      | Found a shadowy altar of Dithmenos.
  1894 | D:3      | Found a stormy altar of Qazlal.
  1904 | D:3      | Prayed at the altar of an unknown god.
  1904 | D:3      | Became a worshipper of Dithmenos the Shadowed
  1904 | D:3      | Reached * piety under Dithmenos
  2110 | D:3      | Found Hauvucs's Weapon Shop.
  2378 | D:3      | Found an ornate altar of the Wu Jian Council.
  2523 | D:3      | Fell from the grace of Dithmenos
  2523 | D:3      | Became a worshipper of Qazlal Stormbringer
  2638 | D:4      | Reached XP level 6. HP: 25/47 MP: 0/0
  2686 | D:4      | Noticed a troll
  2695 | D:4      | Slain by an unseen horror

Illustrated notes

Levels and vault maps discovered:
D:1:      roderic_chinese_lattice_arrival, layout_loops_ring
D:2:      layout_loops_ring
D:3:      layout_basic, nzn_wu_jian_council_hall,
          chequers_temple_overflow_minitemple, serial_shops,
          nicolae_shop_tiny_statue_garden
D:4:      layout_rooms, nicolae_kite_square_tiling_tiny, uniq_edmund

Skill      XL: |  1  2  3  4 |
---------------+-------------+-----
Fighting       | 1 2 3 |  3.9
Spellcasting   | 4 |  4.3
Conjurations   | 4 |  4.3
Hexes          | 4 |  4.3
Summonings     | 4 |  4.3
Necromancy     | 4 |  4.3
Translocations | 4 |  4.3
Fire Magic     | 4 |  4.3
Ice Magic      | 4 |  4.3
Air Magic      | 4 |  4.3
Earth Magic    | 4 |  4.3
Alchemy        | 4 |  4.3
Dodging        | |  2.1
Stealth        | |  1.5

Action                     |  1- 3 |  4- 6 || total
---------------------------+-------+-------++-------
  Melee: Dagger            |    42 |       ||    42
         Punch             |     1 |       ||     1
         Whip              |     6 |    11 ||    17
         Short sword       |       |     8 ||     8
   Cast: Magic Dart        |    42 |    23 ||    65
         Call Imp          |     5 |     8 ||    13
         Blink             |     1 |     1 ||     2
         Slow              |     1 |       ||     1
         Summon Small Mamm |     5 |    15 ||    20
         Mephitic Cloud    |     2 |     3 ||     5
         Static Discharge  |       |     2 ||     2
    Use: Scroll            |       |     2 ||     2
 Armour: Robe              |    23 |    18 ||    41
  Dodge: Dodged            |    31 |    12 ||    43
